 Dungeon Crawl Stone Soup version 0.29.1-15-g9cfb28693d (webtiles) character file.

Game seed: 6443095958878689003

1900 javelincjr the Soothsayer (level 8, -8/53 (61) HPs)
             Began as a Demonspawn Hedge Wizard on Apr 5, 2023.
             Was a Priest of Nemelex Xobeh.
             Mangled by Duvessa
             ... wielding a +1 short sword of draining
              (14 damage)
             ... on level 7 of the Dungeon.
             The game lasted 00:38:09 (8153 turns).

javelincjr the Soothsayer (Demonspawn Hedge Wizard) Turns: 8153, Time: 00:38:10

HP:   -8/53 (61)    AC:  5    Str: 12    XL:     8   Next: 93%
MP:   16/16         EV: 13    Int: 17    God:    Nemelex Xobeh [***...]
Gold: 314           SH:  4    Dex: 12    Spells: 12/17 levels left

rFire   . . .      SeeInvis .   (no weapon)
rCold   . . .      Faith    .   (no shield)
rNeg    . . .      Spirit   .   b - +0 robe
rPois   .          Reflect  .   c - +2 hat
rElec   .          Harm     .   (no cloak)
rCorr   .          Rampage  .   (no gloves)
Will    .....                   A - +0 pair of boots
Stlth   ++........              o - amulet of magic regeneration
HPRegen 0.17/turn               h - ring of fire
MPRegen 0.70/turn               m - ring of ice

@: on blink cooldown, heavily drained
A: claws 2, large bone plates 1, powered by pain 1, magic regeneration
a: Renounce Religion, Draw Escape, Draw Destruction, Draw Summoning, Triple Draw


You were on level 7 of the Dungeon.
You worshipped Nemelex Xobeh.
Nemelex Xobeh was most pleased with you.
You visited 2 branches of the dungeon, and saw 8 of its levels.
You also visited: Ossuary.

You collected 314 gold pieces.

Inventory:

Hand Weapons
 a - a +1 dagger
Armour
 b - a +0 robe (worn)
 c - a +2 hat (worn)
 A - a +0 pair of boots (worn)
Magical Staves
 p - a staff of fire
Jewellery
 h - a ring of fire (left claw)
 m - a ring of ice (right claw)
 o - an amulet of magic regeneration (around neck)
Wands
 t - a wand of iceblast (7)
Scrolls
 f - 3 scrolls of magic mapping
 i - a scroll of poison
 k - 3 scrolls of butterflies
 n - a scroll of teleportation
Potions
 d - 3 potions of magic
 e - 3 potions of lignification
 g - 3 potions of haste {unknown}
 j - 2 potions of might
 l - 3 potions of heal wounds
 q - 2 potions of curing {unknown}
 s - 3 potions of mutation {unknown}
 u - 2 potions of brilliance {unknown}
 v - a potion of flight {unknown}
 w - a potion of degeneration {unknown}


   Skills:
 * Level 4.6 Fighting
 + Level 3.6 Dodging
 + Level 4.0 Stealth
 * Level 5.4 Spellcasting
 + Level 3.5 Conjurations
 + Level 3.5 Summonings
 + Level 3.1 Translocations
 * Level 5.9 Invocations


You had 12 spell levels left.
You knew the following spells:

 Your Spells              Type           Power      Damage    Failure   Level
a - Magic Dart            Conj           64%        1d6       3%          1
b - Call Imp              Summ           16%        N/A       4%          2
c - Blink                 Tloc           30%        N/A       5%          2

Your spell library contained the following spells:

 Spells                   Type           Power      Damage    Failure   Level
 Slow                     Hex            16%        N/A       14%         1
 Conjure Flame            Conj/Fire      15%        6-21      21%         3
 Mephitic Cloud           Conj/Pois/Air  8%         N/A       26%         3
 Iskenderun's Mystic Bla  Conj/Tloc      16%        2d5       34%         4
 Fulminant Prism          Conj/Hex       5%         3d7       54%         4
 Summon Lightning Spire   Summ/Air       10%        N/A       54%         4
 Lee's Rapid Deconstruct  Erth           2%         3d5*      98%         5
 Storm Form               Tmut/Air       2%         N/A       100%        7
 Maxwell's Capacitive Co  Air            2%         ∞         100%        8


Dungeon Overview and Level Annotations

Branches:
Dungeon (7/15)             Temple (1/1) D:6         Ossuary (visited)

Altars:
Cheibriados
Dithmenos
Kikubaaqudgha
Makhleb
Nemelex Xobeh
Qazlal
Ru
Sif Muna
Trog
Uskayaw
Vehumet
Yredelemnul

Annotations:
D:7 Duvessa


Innate Abilities, Weirdness & Mutations

You have very sharp fingernails.
You are partially covered in large bone plates. (SH +4)
You sometimes gain a little power by taking damage.
You regenerate magic rapidly.


Message History

Duvessa hits your white imp with a +1 short sword of draining!
Your white imp dies!
Your white imp disappears in a puff of smoke!
You scratch Duvessa but do no damage.
Duvessa is heavily wounded.
Duvessa hits you with a +1 short sword of draining.
You feel drained.
You barely miss Duvessa.
Duvessa is heavily wounded.
Duvessa hits you with a +1 short sword of draining.
You feel drained.
Duvessa hits you with a +1 short sword of draining!
You feel drained.
You scratch Duvessa but do no damage.
Duvessa is heavily wounded.
Duvessa hits you with a +1 short sword of draining!
You feel drained.
* * * LOW HITPOINT WARNING * * *
Casting: Magic Dart (safe; 3% risk of failure)
Confirm with . or Enter, or press ? or * to list all spells.
You blink.
You block Duvessa's attack.
You draw a card...
You have drawn Velocity.
Nothing appears to happen.
Duvessa misses you.
You draw a card...
You have drawn the Orb.
Press: ? - help, Shift-Dir - straight line, f/p - Duvessa
Aim: Duvessa, wielding a +1 short sword of draining and wearing a +0 chain mail (heavily wounded, berserk, fast)
The wavering orb of destruction weakly hits Duvessa!
Duvessa is heavily wounded.
Duvessa barely misses you.
Duvessa hits you with a +1 short sword of draining!
* * * LOW HITPOINT WARNING * * *
You feel drained.
* * * LOW HITPOINT WARNING * * *
Your magical contamination has completely faded away.
You draw a card...
You have drawn Wild Magic.
Duvessa looks incredibly sick!
Duvessa is poisoned.
You feel a surge of magic.
Duvessa hits you with a +1 short sword of draining!
You die...
Your body glows slightly and disappears.

##### ##...## #.....#
#..... #..... #...####
##..)...# ##......#
.#....e@# ###
..####..###
##.###..####....#
#...............+
#...........>...#
###.........####'##
.##...##.##..#...######
....÷..#.#........#...#
..M..#.....#......#...#


You could see Duvessa (berserk, fast, poisoned).

Vanquished Creatures
  A water moccasin (D:7)
  An orc warrior (D:6)
  A black bear (D:3)
  A sky beast (D:7)
  2 elf zombies (Ossuary)
  2 phantoms (D:6)
  A bullfrog (D:6)
  A necrophage (D:6)
  A human zombie (Ossuary)
  3 hounds (D:6)
  3 jellies
  A hound zombie (Ossuary)
  3 mummies (Ossuary)
  11 adders
  A shadow imp (D:6)
  A white imp (D:6)
  An adder zombie (Ossuary)
  2 dart slugs
  3 orcs
  6 bats
  5 endoplasms
  2 giant cockroaches
  6 goblins
  5 hobgoblins
  5 jackals
  4 quokkas
  5 ball pythons
  2 frilled lizards
  3 gnoll zombies (Ossuary)
  3 goblin zombies (Ossuary)
  A hobgoblin zombie (Ossuary)
  A jackal zombie (Ossuary)
  2 kobolds
  5 kobold zombies (Ossuary)
  An orc zombie (Ossuary)
  A quokka zombie (Ossuary)
  4 rats
  2 rat zombies (Ossuary)
103 creatures vanquished.

Vanquished Creatures (collateral kills)
  The ghost of mkat the Insei, an amateur DsTm of Okawaru (D:3)
  Menkaure (D:7)
  An ogre (D:6)
  Dowan (D:7)
  A centaur zombie (Ossuary)
  3 hounds
  2 jellies (D:6)
  An orc priest (D:6)
  A hound zombie (Ossuary)
  A gnoll (D:6)
  An adder (D:6)
  An adder zombie (Ossuary)
  A worm (D:5)
  A gnoll zombie (Ossuary)
  A goblin zombie (Ossuary)
  3 hobgoblin zombies (Ossuary)
  A jackal zombie (Ossuary)
  A kobold zombie (Ossuary)
  An orc zombie (Ossuary)
  2 quokka zombies (Ossuary)
26 creatures vanquished.

Grand Total: 129 creatures vanquished

Notes
Turn   | Place    | Note
-------+----------+-------------------------------------------
     0 | D:1      | javelincjr the Demonspawn Hedge Wizard began the quest for
                  | the Orb.
     0 | D:1      | Reached XP level 1. HP: 13/13 MP: 4/4
   140 | D:1      | Reached skill level 1 in Translocations
   343 | D:1      | Gained mutation: You have sharp fingernails. [demonic
                  | ancestry]
   343 | D:1      | Reached XP level 2. HP: 19/19 MP: 3/6
  1046 | D:1      | Found a faded altar of an unknown god.
  1049 | D:1      | Prayed at the altar of an unknown god.
  1049 | D:1      | Became a worshipper of Nemelex Xobeh the Trickster
  1049 | D:1      | Reached * piety under Nemelex Xobeh
  1049 | D:1      | Received a gift from Nemelex Xobeh
  1225 | D:2      | Gained mutation: You sometimes gain a little power by
                  | taking damage. [demonic ancestry]
  1225 | D:2      | Reached XP level 3. HP: 24/24 MP: 5/7
  1277 | D:2      | Noticed Sigmund
  1278 | D:2      | Noticed Sigmund
  1278 | D:2      | Sigmund changed into Sigmund the hound
  1289 | D:2      | Killed Sigmund the hound
  1290 | D:2      | Reached skill level 1 in Invocations
  1562 | D:2      | Gained mutation: You have very sharp fingernails. [demonic
                  | ancestry]
  1562 | D:2      | Reached XP level 4. HP: 10/31 MP: 0/9
  1878 | D:2      | Reached skill level 1 in Fighting
  2638 | D:3      | Reached ** piety under Nemelex Xobeh
  2662 | D:3      | Learned a level 2 spell: Call Imp
  2665 | D:3      | Learned a level 2 spell: Blink
  2753 | D:3      | Noticed a black bear
  2754 | D:3      | Killed a black bear
  2755 | D:3      | Reached XP level 5. HP: 38/38 MP: 10/10
  2973 | D:3      | Found a runed translucent gate.
  2973 | D:3      | Found a runed translucent gate.
  2973 | D:3      | Found a runed translucent gate.
  2975 | D:3      | Noticed mkat's ghost (amateur DsTm)
  2985 | D:3      | Killed mkat's ghost
  2986 | D:3      | Gained mutation: You are partially covered in large bone
                  | plates. (SH +4) [demonic ancestry]
  2986 | D:3      | Reached XP level 6. HP: 44/44 MP: 11/11
  3327 | D:4      | Found a sand-covered staircase.
  3335 | Ossuary  | Entered an ossuary
  3999 | Ossuary  | Reached XP level 7. HP: 36/51 MP: 7/13
  4633 | D:4      | Received a gift from Nemelex Xobeh
  4855 | D:4      | Found a bloodstained altar of Trog.
  4933 | D:4      | Found an ancient bone altar of Kikubaaqudgha.
  5262 | D:5      | Entered Level 5 of the Dungeon
  5697 | D:6      | Gained mutation: You regenerate magic rapidly. [demonic
                  | ancestry]
  5697 | D:6      | Reached XP level 8. HP: 58/58 MP: 10/15
  5772 | D:6      | Reached *** piety under Nemelex Xobeh
  6237 | D:6      | Found a staircase to the Ecumenical Temple.
  6258 | Temple   | Entered the Ecumenical Temple
  6258 | Temple   | Found a transporter.
  6258 | Temple   | Found a transporter.
  6260 | Temple   | Found a transporter.
  6260 | Temple   | Found a transporter.
  6411 | D:6      | Reached skill level 5 in Invocations
  6456 | D:6      | Reached skill level 5 in Spellcasting
  7149 | D:6      | Found a snail-covered altar of Cheibriados.
  7355 | D:7      | Received a gift from Nemelex Xobeh
  7547 | D:7      | Found a stormy altar of Qazlal.
  7806 | D:7      | Noticed Menkaure
  7842 | D:7      | Killed Menkaure
  8134 | D:7      | Noticed Dowan
  8137 | D:7      | Noticed Duvessa
  8144 | D:7      | Killed Dowan
  8153 | D:7      | Mangled by Duvessa

Illustrated notes

Levels and vault maps discovered:
D:1:      minmay_arrival_radiant_lines, layout_loops_ring,
          hellmonk_ecumenical_altar_inner_sanctum
D:2:      minmay_angry_zag, layout_loops_ring, nicolae_titane, uniq_sigmund
D:3:      layout_loops_ring, elyvilon_altar_3, ebering_ghost_rock_garden
D:4:      layout_basic, nicolae_kikubaaqudgha_miasma_corner,
          trog_three_pillars_becter, tso_metal_star,
          lightli_ossuary_entry_decrepit_ruins
D:5:      layout_rooms, zin_scriptorium
D:6:      layout_gridville, general_overflow_altar,
          minmay_temple_entry_butterflies
D:7:      layout_gridville, old_standard_altar,
          mainiacjoe_overflow_small_starburst, gammafunk_ghost_icy,
          nicolae_underground_beach, uniq_duvessa, uniq_joseph, uniq_menkaure
Temple:   hellmonk_temple_divided_pantheon

Skill      XL: |  1  2  3  4  5  6  7  8 |
---------------+-------------------------+-----
Translocations | 1 2 3 |  3.1
Stealth        | 2 3 4 |  4.0
Dodging        | 2 3 |  3.6
Invocations    | 1 2 3 4 5 |  5.9
Fighting       | 1 2 3 4 |  4.6
Conjurations   | 2 3 |  3.5
Summonings     | 2 3 |  3.5
Spellcasting   | 4 5 |  5.4

Action                   |  1- 3 |  4- 6 |  7- 9 || total
-------------------------+-------+-------+-------++-------
Melee: Dagger            |    21 |    92 |    38 ||   151
       Unarmed           |       |       |    99 ||    99
 Cast: Magic Dart        |    56 |   112 |   157 ||   325
       Call Imp          |       |    13 |    35 ||    48
       Blink             |       |       |     5 ||     5
Invok: Draw Destruction  |     1 |     2 |     6 ||     9
       Draw Summoning    |     1 |     2 |       ||     3
       Draw Escape       |       |       |     1 ||     1
  Use: Scroll            |       |     2 |    13 ||    15
 Stab: Sleeping          |       |     2 |       ||     2
       Distracted        |       |     3 |     2 ||     5
Armor: Robe              |     3 |    26 |    28 ||    57
Dodge: Dodged            |    22 |    72 |    82 ||   176
Block: Other             |       |    15 |    26 ||    41
